 Dungeon Crawl Stone Soup version 0.26-a0-1033-gd598b01645 (webtiles) character file.

Game seed: 11839986302055103372

44 Raspiflausch64 the Conjurer (level 3, -3/26 HPs)
             Began as a Human Conjurer on Dec 10, 2020.
             Slain by a hound (6 damage)
             ... on level 2 of the Dungeon.
             The game lasted 00:10:10 (1947 turns).

Raspiflausch64 the Conjurer (Human Conjurer)        Turns: 1947, Time: 00:10:11

Health: -3/26      AC:  3    Str:  7    XL:     3   Next: 87%
Magic:  0/6        EV: 12    Int: 19    God:
Gold:   86         SH:  0    Dex: 11    Spells: 0/6 levels left

rFire    . . .     SeeInvis .   (no weapon)
rCold    . . .     Faith    .   (no shield)
rNeg     . . .     Spirit   .   a - +0 robe
rPois    .         Reflect  .   (helmet restricted)
rElec    .         Harm     .   l - +0 cloak
rCorr    .         Rampage  .   (no gloves)
Will     .....                  (no boots)
Stlth    ++........             (no amulet)
HPRegen  0.08/turn              (no ring)
MPRegen  0.10/turn              (no ring)

@: attractive
A: antennae 1, robust 1
a: no special abilities


You were on level 2 of the Dungeon.
You visited 1 branch of the dungeon, and saw 3 of its levels.

You collected 86 gold pieces.

Inventory:

Armour
 a - a +0 robe (worn)
 f - a +0 helmet
 l - a +0 cloak (worn)
Scrolls
 c - a scroll of enchant armour {unknown}
 d - 6 scrolls of identify {unknown}
 g - a scroll of amnesia {unknown}
 i - a scroll of teleportation {unknown}
 k - a scroll of remove curse {unknown}
Potions
 j - a potion of heal wounds {unknown}
 m - a potion of invisibility {unknown}


   Skills:
 + Level 2.0 Dodging
 + Level 2.5 Stealth
 + Level 2.3 Spellcasting
 + Level 4.8 Conjurations


You couldn't memorise any spells.
You knew the following spells:

 Your Spells              Type           Power        Failure   Level
a - Magic Dart            Conj           ###.         2%          1
b - Searing Ray           Conj           ###...       3%          2
c - Dazzling Flash        Conj/Hex       ##....       19%         3

Your spell library contained the following spells:

 Spells                   Type           Power        Failure   Level
 Fulminant Prism          Conj/Hex       ##........   52%         4
 Iskenderun's Mystic Bla  Conj/Tloc      ##......     52%         4


Dungeon Overview and Level Annotations

Branches:
Dungeon (3/15)

Altars:
Cheibriados
Hepliaklqana
Nemelex Xobeh
Qazlal
Trog
Vehumet
Yredelemnul

Annotations:
D:3 2 transporters, Terence; thewurscht's ghost, amateur DrFi


Innate Abilities, Weirdness & Mutations

You have a pair of small antennae on your head.
You are robust. (+10% HP)


Message History

Casting: Magic Dart (safe; 2% risk of failure)
Confirm with . or Enter, or press ? or * to list all spells.
Aiming: Magic Dart (safe; 2% risk of failure)
Press: ? - help, Shift-Dir - straight line, f - hound
Aim: a hound (0% to evade)
The magic dart hits the hound.
The hound is lightly wounded.
The hound barely misses you.
Casting: Magic Dart (safe; 2% risk of failure)
Confirm with . or Enter, or press ? or * to list all spells.
Aiming: Magic Dart (safe; 2% risk of failure)
Press: ? - help, Shift-Dir - straight line, f/p - hound
Aim: a hound (lightly wounded, 0% to evade)
The magic dart hits the hound.
The hound is heavily wounded.
The hound bites you but does no damage. The hound bites you.
* * * LOW HITPOINT WARNING * * *
The hound barely misses you. The hound bites you.
You die...

######>#
#...>..#.##.##...###
#.#
#..#.###.##.##...# #
#.# #....#
#.##.##...# #
########.# ##...#
#.##.##...# #
.........######...#
#......^..# #
###########.......#
####.##.#.# #
.#####.## #.......#
#.##.#.# # .#......#
#.....h.## #.##...#
#
.#####.####.....@..#
#.###### # ##
#.......).#.#.#
#.########
########..._..#
#.........
#############.##.###
##########
............#.##..#
.#...#...#..#.###.#
..........._##.##.#
.#...#...#..###.#.#
............# #...#
##


You could see a hound.

Vanquished Creatures
  An adder (D:2)
  A dart slug (D:1)
  3 leopard geckos
  3 bats (D:1)
  A giant cockroach (D:1)
  3 hobgoblins
  A quokka (D:2)
  A ball python (D:1)
  A frilled lizard (D:1)
  4 goblins
  4 kobolds
  7 rats
30 creatures vanquished.

Notes
Turn   | Place    | Note
-------+----------+-------------------------------------------
     0 | D:1      | Raspiflausch64 the Human Conjurer began the quest for the
                  | Orb.
     0 | D:1      | Reached XP level 1. HP: 13/13 MP: 3/3
   204 | D:1      | Reached XP level 2. HP: 19/19 MP: 3/5
   313 | D:1      | Learned a level 2 spell: Searing Ray
   894 | D:2      | Found a stormy altar of Qazlal.
   947 | D:2      | Found a radiant altar of Vehumet.
  1047 | D:2      | Found a hazy altar of Hepliaklqana.
  1094 | D:2      | Reached XP level 3. HP: 24/24 MP: 3/6
  1133 | D:2      | Found a snail-covered altar of Cheibriados.
  1188 | D:2      | Found a basalt altar of Yredelemnul.
  1370 | D:2      | Found a sparkling altar of Nemelex Xobeh.
  1581 | D:2      | Found a bloodstained altar of Trog.
  1846 | D:3      | Noticed Terence
  1911 | D:3      | Found a transporter.
  1911 | D:3      | Found a transporter.
  1911 | D:3      | Noticed thewurscht's ghost (amateur DrFi)
  1914 | D:3      | Noticed a steam dragon
  1916 | D:3      | Learned a level 3 spell: Dazzling Flash
  1936 | D:2      | Gained mutation: You are robust. (+10% HP) [potion of
                  | mutation]
  1936 | D:2      | Gained mutation: You have a pair of small antennae on your
                  | head. [potion of mutation]
  1947 | D:2      | Slain by a hound

Illustrated notes

Levels and vault maps discovered:
D:1:      saegor_arrival_simple_e, layout_loops_ring
D:2:      layout_loops_ring, old_standard_altar, old_standard_altar,
          lemuel_coloured_pillars_altar, lemuel_crystal_altar,
          general_overflow_altar, old_standard_altar, trog_book
D:3:      layout_rooms, gammafunk_ghost_arena, minmay_shallow_snake_nest,
          uniq_grinder, uniq_jessica, uniq_ijyb, uniq_terence

Action                   || total
-------------------------++-------
Melee: Unarmed           ||     1
 Cast: Magic Dart        ||    57
       Searing Ray       ||     1
  Use: Potion            ||     3
 Stab: Sleeping          ||     1
Armor: Robe              ||     3
Dodge: Dodged            ||    16

Table legend: (Time is in decaauts)
 A = Elapsed time spent in this place.
 B = Non-inter-level travel time spent in this place.
 C = Inter-level travel time spent in this place.
 D = Time resting spent in this place.
 E = Time spent auto-exploring this place.
 F = Levels seen in this place.
 G = Mean time per level.
                   A        B        C        D        E       F      G
               +--------+--------+--------+--------+--------+-----+--------+
         Total |   1948 |   1817 |    131 |    185 |   1466 |   3 |  649.3 |
       Dungeon |   1948 |   1817 |    131 |    185 |   1466 |   3 |  649.3 |
               +--------+--------+--------+--------+--------+-----+--------+

Top non-repeatable levels by time:
     D:2: 980 daAuts
     D:1: 885 daAuts
     D:3: 82 daAuts
